 Dungeon Crawl Stone Soup version 0.31-a0-1204-ge2c1a860ed (webtiles) character file.

Game seed: 9200689215425282666

468 lunkers the Insei (level 7, -10/52 HPs)
             Began as a Meteoran Shapeshifter on Dec 12, 2023.
             Was an Initiate of Gozag.
             Mangled by an iguana (15 damage)
             ... on level 4 of the Dungeon.
             The game lasted 00:02:42 (905 turns).

lunkers the Insei (Meteoran Shapeshifter)            Turns: 905, Time: 00:02:43

Health: -10/52     AC: -3    Str: 16    XL:     7   Next: 56%
Magic:  8/8        EV: 11    Int: 11    God:    Gozag
Gold:   38         SH:  0    Dex: 16    Spells: 6/6 levels left

rFire   . .          .
                       - Unarmed
rCold   . . .        (no shield)
rNeg    . . .        i - +0 ring mail
rPois   .            (helmet currently unavailable)
rElec   .            (cloak currently unavailable)
rCorr   .            (gloves currently unavailable)
SInv    .            (boots currently unavailable)
Will    +....        (no amulet)
Stlth   +            h - ring of willpower
HPRegen 0.28/turn    (no ring)
MPRegen 0.11/turn

%: no passive effects
@: beast-form, corroded, gold aura, glowing
A: beast (slay +3), sense surroundings 1, otherworldly, glowing, explore regen
a: Begin Untransformation, Renounce Religion, Potion Petition, Call Merchant,
Bribe Branch


You were on level 4 of the Dungeon.
You worshipped Gozag.
Gozag was noncommittal.
You were a hulking beast.
You visited 1 branch of the dungeon, and saw 4 of its levels.

You collected 63 gold pieces.
You paid 25 gold pieces to Gozag.

Inventory:

Armour
 a - a +0 animal skin
 i - a +0 ring mail (worn)
 l - the +0 leather armour of Sloth {rElec}
   (You found it on level 2 of the Dungeon)

   rElec:     It insulates you from electricity.
Jewellery
 h - a ring of willpower (left hand)
 k - a ring of positive energy
Talismans
 c - a beast talisman
 d - a flux talisman
Scrolls
 f - 4 scrolls of blinking {unknown}
 g - a scroll of fear {unknown}
 j - a scroll of enchant armour {unknown}
Potions
 b - a potion of lignification
 e - a potion of curing {unknown}
 m - a potion of heal wounds {unknown}


   Skills:
 - Level 1.1 Fighting
 - Level 2.1 Dodging
 * Level 7.9 Unarmed Combat
 + Level 5.8 Shapeshifting


You had 6 spell levels left.
You didn't know any spells.
Your spell library was empty.

Dungeon Overview and Level Annotations

Branches:
Dungeon (4/15) Zot: 1510
 Temple: D:4-7

Altars:
Dithmenos
Gozag
Makhleb

Shops:
D:4 (


Innate Abilities, Weirdness & Mutations

You are a hulking beast.
Your limbs bulge with bestial killing power. (Slay +3)
You passively map a small area around you.
You are easily found by Zot.
You glow in the dark.
You regain HP and MP as you explore.


Message History

You kill the kobold!
The iguana is no longer distracted by gold.
Things that are here:
6 gold pieces; a +0 club You hit the iguana but do no damage.
You hit the iguana.
The iguana is moderately wounded.
The iguana bites you!
* * * LOW HITPOINT WARNING * * *
You hit the iguana but do no damage. Your punch misses the iguana.
The iguana is moderately wounded.
The iguana barely misses you.
Unknown command.
You hit the iguana but do no damage.
The iguana is moderately wounded.
The iguana closely misses you.
You punch the iguana!
The iguana is almost dead.
The iguana barely misses you.
Unknown command.
You closely miss the iguana.
The iguana is almost dead.
The iguana misses you.
Unknown command.
You hit the iguana but do no damage. You punch the iguana.
The iguana is almost dead.
You hit the iguana but do no damage.
The iguana is almost dead.
The iguana is distracted by your dazzling golden aura.
The iguana hisses angrily.
You hit the iguana but do no damage.
The iguana is no longer distracted by gold.
The iguana is almost dead.
The iguana bites you.
* * * LOW HITPOINT WARNING * * *
You completely miss the iguana. You punch the iguana, but do no damage.
The iguana is almost dead.
The iguana bites you!
You die...
Your body crumbles into a pile of gold.

.............#
.............# ,
....(........### *
,.....###........ ,
**##. ** #........ ,
# ##........ , ##.
,*###..#.##.##
#..####.l....# # *
.* #....h###### ,
...#...$## * ## *
........#### ##...,
, ,
,.#.........###.....
* ######........#* *
, #####....###. *
,+..<......# ,
,#..#####... ,##.#
*##


You could see an iguana.

Vanquished Creatures
  Grinder (D:3)
  Sigmund (D:3)
  A jelly (D:4)
  Natasha (D:2)
  An adder (D:2)
  2 worms
  A dart slug (D:2)
  9 endoplasms
  4 goblins
  4 hobgoblins
  3 jackals (D:2)
  4 ball pythons
  5 bats
  3 frilled lizards
  5 kobolds
  7 rats
52 creatures vanquished.

Notes
Turn   | Place    | Note
-------+----------+-------------------------------------------
     0 | D:1      | lunkers the Meteoran Shapeshifter began the quest for the
                  | Orb.
     0 | D:1      | Reached XP level 1. HP: 16/16 MP: 2/2
    88 | D:1      | Reached XP level 2. HP: 20/23 MP: 3/3
    91 | D:1      | Reached skill level 4 in Unarmed Combat
   228 | D:1      | Reached XP level 3. HP: 28/28 MP: 4/4
   306 | D:2      | Noticed Natasha
   311 | D:2      | Killed Natasha
   312 | D:2      | Reached XP level 4. HP: 29/35 MP: 5/5
   364 | D:2      | Reached skill level 5 in Unarmed Combat
   569 | D:2      | Identified the +0 leather armour of Sloth {rElec}
   598 | D:3      | Noticed Sigmund
   605 | D:3      | Killed Sigmund
   606 | D:3      | Reached skill level 6 in Unarmed Combat
   606 | D:3      | Reached skill level 5 in Shapeshifting
   606 | D:3      | Reached XP level 5. HP: 31/40 MP: 6/6
   606 | D:3      | Reached XP level 6. HP: 37/47 MP: 7/7
   811 | D:3      | Noticed Grinder
   823 | D:3      | Killed Grinder
   824 | D:3      | Reached skill level 7 in Unarmed Combat
   824 | D:3      | Reached XP level 7. HP: 28/52 MP: 8/8
   826 | D:3      | Found a burning altar of Makhleb.
   830 | D:3      | Found a shadowy altar of Dithmenos.
   834 | D:3      | Found an opulent altar of Gozag.
   840 | D:3      | Became a worshipper of Gozag Ym Sagoz the Greedy
   872 | D:4      | Found Hyqasa's Weapon Shop.
   905 | D:4      | Mangled by an iguana

Illustrated notes

Levels and vault maps discovered:
D:1:      lemuel_arrival_rhombus, layout_basic, st_stairs_11,
          grunt_decor_one_mirror
D:2:      layout_loops_ring, shapermc_ecumenical_altar_rom_forum,
          chequers_decorated_corner, uniq_natasha
D:3:      layout_basic, gammafunk_temple_overflow_forgotten, uniq_grinder,
          uniq_sigmund
D:4:      layout_rooms, regret_index_temple_of_mockery,
          nicolae_overflow_hidden_temple, serial_shops, shop

Skill      XL: |  1  2  3  4  5  6 |
---------------+-------------------+-----
Unarmed Combat | 4 6 7 |  7.9
Shapeshifting  | 4 5 |  5.8
Fighting       | |  1.1
Dodging        | |  2.1

Action                     |  1- 3 |  4- 6 |  7- 9 || total
---------------------------+-------+-------+-------++-------
  Melee: Unarmed           |    45 |    84 |    20 ||   149
         Punch             |     2 |     1 |     4 ||     7
 Armour: Animal skin       |    24 |       |       ||    24
         Ring mail         |     2 |    28 |     8 ||    38
  Dodge: Dodged            |    25 |    41 |    10 ||    76

Table legend: (Time is in decaauts)
 A = Elapsed time spent in this place.
 B = Non-inter-level travel time spent in this place.
 C = Inter-level travel time spent in this place.
 D = Time resting spent in this place.
 E = Time spent auto-exploring this place.
 F = Levels seen in this place.
 G = Mean time per level.
                   A        B        C        D        E       F      G
               +--------+--------+--------+--------+--------+-----+--------+
         Total |    888 |    877 |     11 |      0 |    438 |   4 |  222.0 |
       Dungeon |    888 |    877 |     11 |      0 |    438 |   4 |  222.0 |
               +--------+--------+--------+--------+--------+-----+--------+

Top non-repeatable levels by time:
     D:2: 379 daAuts
     D:1: 280 daAuts
     D:3: 180 daAuts
     D:4: 48 daAuts
